 Dungeon Crawl Stone Soup version 0.21-a0-426-g98080a9 (webtiles) character file.

484 mastercheaf21 the Sneak (level 7, -8/43 HPs)
             Began as an Octopode Transmuter on Nov 8, 2017.
             Was an Initiate of Dithmenos.
             Killed from afar by tilp's ghost (17 damage)
             ... with a flame tongue
             ... on level 4 of the Dungeon.
             The game lasted 00:20:12 (4990 turns).

mastercheaf21 the Sneak (Octopode Transmuter)       Turns: 4990, Time: 00:20:13

Health: -8/43      AC:  1    Str: 12    XL:     7   Next: 12%
Magic:  10/10      EV: 13    Int: 15    God:    Dithmenos [......]
Gold:   150        SH:  0    Dex: 12    Spells: 9/10 levels left

rFire    . . .     SeeInvis .   t - +0 dagger (speed)
rCold    + . .     Gourm    .   (no shield)
rNeg     . . .     Faith    .   (helmet restricted)
rPois    .         Spirit   .   w - amulet of regeneration
rElec    .         Reflect  .   q - ring of protection from cold
rCorr    .         Harm     .   (no ring)
MR       .....                  (no ring)
Stlth    ++++......             (no ring)
HPRegen  0.54/turn              (no ring)
MPRegen  0.12/turn              (no ring)
                                (no ring)
                                (no ring)

@: no status effects
A: almost no armour, stealthy swim, amphibious, 8 rings, constrict 8, camouflage
1, gelatinous body 1
a: Renounce Religion


You were on level 4 of the Dungeon.
You worshipped Dithmenos.
Dithmenos was noncommittal.
You were hungry.

You visited 1 branch of the dungeon, and saw 4 of its levels.

You collected 180 gold pieces.
You spent 30 gold pieces at shops.

Inventory:

Hand Weapons
 f - a +0 short sword
 t - a +0 dagger of speed (weapon)
Missiles
 a - 32 arrows
Armour
 v - a +0 large shield
Jewellery
 q - a ring of protection from cold (left tentacle)
 w - an amulet of regeneration (around mantle)
Scrolls
 h - a scroll of enchant armour {unknown}
 i - 2 scrolls of enchant weapon {unknown}
 j - 6 scrolls of identify {unknown}
 k - a scroll of teleportation {unknown}
 m - a scroll of remove curse {unknown}
 n - a scroll of amnesia {unknown}
 p - a scroll of blinking {unknown}
 x - a scroll of recharging {unknown}
 y - a scroll of fear {unknown}
Potions
 e - 2 potions of curing
 g - 4 potions of mutation {unknown}
 l - a potion of invisibility {unknown}
 r - a potion of berserk rage {unknown}
 s - a potion of agility {unknown}
 z - a potion of degeneration {unknown}
 A - a potion of haste {unknown}
Books
 b - a book of Changes

   Spells                             Type                      Level
   a - Beastly Appendage              Transmutation                1
   b - Sticks to Snakes               Transmutation                2
   c - Spider Form                    Transmutation/Poison         3
   d - Ice Form                       Ice/Transmutation            4
   e - Blade Hands                    Transmutation                5
Comestibles
 c - 4 bread rations
 d - 2 royal jellies
 o - a meat ration
 u - 3 fruits


   Skills:
 - Level 1.0 Fighting
 - Level 0.1 Short Blades
 - Level 2.0 Dodging
 - Level 7.2 Stealth
 * Level 5.8 Unarmed Combat
 - Level 2.0 Spellcasting
 - Level 2.0 Transmutations


You had 9 spell levels left.
You knew the following spells:

 Your Spells              Type           Power        Failure   Level  Hunger
a - Beastly Appendage     Tmut           #.....       10%         1    #......


Dungeon Overview and Level Annotations

Branches:
Dungeon (4/15)
 Temple: D:4-7

Altars:
Ashenzari
Dithmenos
Vehumet
Wu Jian
Zin

Shops:
D:4 !

Annotations:
D:4 tilp's ghost, amateur DEFE


Innate Abilities, Weirdness & Mutations

You cannot wear most types of armour.
You are very stealthy in the water. (Stealth+)
You are amphibious.
You can wear up to eight rings at the same time.
You can use your tentacles to constrict eight enemies at once.
Your skin changes colour to match your surroundings (Stealth+).
Your rubbery body absorbs attacks. (AC +1, EV +1)


Message History

Dowan is heavily wounded.
You constrict Dowan. Dowan hits you with a dagger.
You hit Dowan.
You pierce Dowan.
You squeeze Dowan.
Dowan is almost dead.
You constrict Dowan.
You kill Dowan!
Dithmenos accepts your kill.
You have reached level 7!
Tilp's ghost casts a spell at you. The flame tongue hits you!
* * * LOW HITPOINT WARNING * * *
Your tentacle spike disappears.
Tilp's ghost grins evilly.
Tilp's ghost points at you and mumbles some strange words.
The flame tongue hits you!
* * * LOW HITPOINT WARNING * * *
You feel better.
Tilp's ghost points at you and mumbles some strange words.
The flame tongue hits you!
You die...

#.# #.# #.#
######.######
#...........######
#.####.#.........#
#.........##
#.#.#......##
#........@..#
#####.......#
#.....#W#
########..####.#
..........# #.#
..........####.#
########..##...#
######..##.###
#.......##.#


You could see tilp's ghost.

Vanquished Creatures
  Duvessa (D:4)
  Dowan (D:4)
  3 hounds (D:4)
  2 worker ants
  A hound skeleton (D:4)
  8 adders
  3 worms
  4 dart slugs
  4 leopard geckos (D:2)
  An orc (D:3)
  5 bats
  3 giant cockroaches
  16 goblins
  7 hobgoblins
  3 jackals (D:1)
  9 kobolds
  2 quokkas
  A ball python (D:2)
  3 frilled lizards
  A quokka skeleton (D:4)
  12 rats
90 creatures vanquished.

Vanquished Creatures (others)
  4 fungi (D:4)
4 creatures vanquished.

Grand Total: 94 creatures vanquished

Notes
Turn   | Place    | Note
-------+----------+-------------------------------------------
     0 | D:1      | mastercheaf21 the Octopode Transmuter began the quest for the Orb.
     0 | D:1      | Reached XP level 1. HP: 13/13 MP: 3/3
   646 | D:1      | Reached skill level 1 in Stealth
   646 | D:1      | Reached XP level 2. HP: 3/18 MP: 5/5
  1535 | D:1      | Reached skill level 2 in Stealth
  1540 | D:1      | Reached XP level 3. HP: 16/23 MP: 6/6
  1908 | D:2      | Found an ornate altar of the Wu Jian Council.
  1950 | D:2      | Reached skill level 3 in Stealth
  2078 | D:2      | Found a radiant altar of Vehumet.
  2417 | D:2      | Reached skill level 4 in Stealth
  2532 | D:2      | Reached XP level 4. HP: 28/28 MP: 7/7
  2819 | D:2      | Reached skill level 5 in Stealth
  3137 | D:2      | Reached XP level 5. HP: 30/33 MP: 8/8
  3370 | D:2      | Reached skill level 6 in Stealth
  3792 | D:2      | Found a shattered altar of Ashenzari.
  3860 | D:3      | Found a shattered altar of Ashenzari.
  3909 | D:3      | Found a glowing silver altar of Zin.
  4045 | D:3      | Reached skill level 7 in Stealth
  4201 | D:3      | Found a shadowy altar of Dithmenos.
  4208 | D:3      | Became a worshipper of Dithmenos the Shadowed
  4795 | D:4      | Reached XP level 6. HP: 36/38 MP: 9/9
  4848 | D:4      | Found Pabrucil's Distillery.
  4876 | D:4      | Bought a potion of curing for 30 gold pieces
  4948 | D:4      | Noticed Duvessa
  4950 | D:4      | Noticed Dowan
  4972 | D:4      | Killed Duvessa
  4972 | D:4      | Reached skill level 5 in Unarmed Combat
  4973 | D:4      | Noticed tilp's ghost (amateur DEFE)
  4977 | D:4      | Killed Dowan
  4977 | D:4      | Reached XP level 7. HP: 18/43 MP: 10/10
  4990 | D:4      | Killed from afar by tilp's ghost

Vault maps used:
D:1:      elethiomel_arrival_diamonds
D:2:      cheibrodos_greedy_goblins, old_standard_altar, old_standard_altar,
          nicolae_overflow_hidden_temple, minmay_pentomino_p4
D:3:      kennysheep_big_flooded_room, zin_treasury,
          grunt_dithmenos_smoke_and_mirrors, first_bread, grunt_decor_arrowhead,
          cheibrodos_ashenzari_chains
D:4:      serial_shops, nicolae_shop_stone, serial_aquarium,
          aquarium_bridge_square, aquarium_window_3, aquarium_window_1,
          aquarium_view_2e, aquarium_balcony_3a, aquarium_pool_1, uniq_duvessa,
          uniq_crazy_yiuf_cottage

Skill      XL: |  1  2  3  4  5  6 |
---------------+-------------------+-----
Stealth        | 1 2 4 5 7 |  7.2
Unarmed Combat | 4 5 |  5.8
Fighting       | |  1.0
Short Blades   | |  0.1
Dodging        | |  2.0
Spellcasting   | |  2.0
Transmutations | |  2.0

Action                   |  1- 3 |  4- 6 |  7- 9 || total
-------------------------+-------+-------+-------++-------
Melee: Unarmed           |    14 |       |       ||    14
       Constrict         |    23 |    27 |       ||    50
       Short sword       |    86 |    56 |       ||   142
       Tentacles         |    10 |    27 |       ||    37
       Punch             |       |     6 |       ||     6
       Dagger            |       |    90 |       ||    90
       Kick              |       |     5 |       ||     5
 Cast: Beastly Appendage |       |     1 |       ||     1
  Use: Potion            |       |       |     1 ||     1
 Stab: Sleeping          |     4 |    17 |       ||    21
       Distracted        |       |     1 |       ||     1
  Eat: Chunk             |     5 |     7 |       ||    12
Armor: Skin              |    11 |     9 |       ||    20
Dodge: Dodged            |    76 |    81 |       ||   157

Table legend:
 A = Spawn XP
 B = Non-spawn XP
 C = Spawn XP percentage of total XP
 D = Spawn monster count
 E = Non-spawn monster count
 F = Spawn count percentage of total count
 G = Total turns spent on level
                    A         B        C        D         E        F      G
               +---------+---------+-------+---------+---------+-------+---------
         Total |       0 |     692 |   0.0 |       0 |      90 |   0.0 |  4990
               +---------+---------+-------+---------+---------+-------+---------
           D:1 |       0 |      42 |   0.0 |       0 |      24 |   0.0 |  1896
           D:2 |       0 |     179 |   0.0 |       0 |      40 |   0.0 |  1958
           D:3 |       0 |      83 |   0.0 |       0 |      18 |   0.0 |   904
           D:4 |       0 |     388 |   0.0 |       0 |       8 |   0.0 |   232
               +---------+---------+-------+---------+---------+-------+---------
